 Dungeon Crawl Stone Soup version 0.30.0-20-g3615ddf2f0 (webtiles) character file.

Game seed: 13615641288475323542

131 qw the Chopper (level 5, 0/32 HPs)
             Began as a Gargoyle Fighter on May 30, 2023.
             Splashed by a jelly's acid (9 damage)
             ... on level 4 of the Dungeon.
             The game lasted 00:01:12 (2648 turns).

qw the Chopper (Gargoyle Fighter)                   Turns: 2648, Time: 00:01:12

Health: 0/32       AC:  8    Str: 22    XL:     5   Next: 14%
Magic:  5/5        EV:  9    Int:  8    God:
Gold:   159        SH:  4    Dex:  9    Spells: 4/4 levels left

rFire   . . .        Y - +1 war axe
rCold   . . .        c - +0 buckler
rNeg    + . .        b - +0 scale mail
rPois   inf          (no helmet)
rElec   +            (no cloak)
rCorr   .            q - +0 pair of gloves
SInv    .            (no boots)
Will    .....        k - amulet of regeneration Stlth
                     (no ring)
HPRegen 1.05/turn    (no ring)
MPRegen 0.09/turn

%: no passive effects
@: weak-willed, corroded
A: sickness immunity, AC +4, negative energy resistance 1, electricity
resistance, torment resistance 1, petrification resistance
a: no special abilities


You were on level 4 of the Dungeon.
You visited 1 branch of the dungeon, and saw 4 of its levels.

You collected 159 gold pieces.


Innate Abilities, Weirdness & Mutations

You are immune to sickness and miasma.
Your stone body is resilient. (AC +4)
You are immune to poison.
You resist negative energy. (rN+)
You are resistant to electric shocks. (rElec)
You are resistant to unholy torment.
You are immune to petrification.


   Skills:
 - Level 3.2 Fighting
 + Level 4.7 Axes
 - Level 3.2 Armour
 - Level 3.2 Shields


You had 4 spell levels left.
You didn't know any spells.
Your spell library was empty.

Inventory:

Hand Weapons
 o - a +0 flail
 Y - a +1 war axe (weapon)
Armour
 b - a +0 scale mail (worn)
 c - a +0 buckler (worn)
 q - a +0 pair of gloves (worn)
Jewellery
 i - the ring "Vehi" {Fire Int+3}
   (You found it on level 2 of the Dungeon)

   [ring of fire]

   It enhances your fire magic.
   Int:       It affects your intelligence (+3).
   rF:        It protects you from fire.
   rC:        It makes you vulnerable to cold.
 k - an amulet of regeneration (around neck)
Scrolls
 a - 5 scrolls of teleportation
 j - a scroll of identify
Potions
 d - a potion of might
 e - a potion of flight {unknown}
 f - a potion of berserk rage {unknown}
 h - 2 potions of curing
 l - a potion of resistance {unknown}
 n - a potion of mutation {unknown}

Dungeon Overview and Level Annotations

Branches:
Dungeon (4/15)
 Temple: D:4-7

Altars:


Message History

You climb downwards.
There is a stone staircase leading up here.
Waypoint 3 assigned to D:4.
You open the door.
An endoplasm, an ogre and a jelly come into view.
The endoplasm quivers.
The ogre shouts!
A giant cockroach comes into view.
Found a leather armour.
The endoplasm jiggles.
You completely miss the giant cockroach.
The giant cockroach bites you but does no damage.
You hear a slurping noise.
The giant cockroach closely misses you.
You slash the giant cockroach!
You kill the giant cockroach!
You barely miss the endoplasm. You block the endoplasm's attack.
You hit the jelly.
Your hands burn!
The jelly is lightly wounded.
The jelly hits you but does no damage.
You hit the jelly.
Your hands burn!
The jelly is lightly wounded.
The jelly hits you. The acid corrodes you!
You are splashed with acid!
You barely miss the jelly.
The jelly is lightly wounded.
The jelly hits you but does no damage.
You hit the jelly.
Your hands burn!
The jelly is lightly wounded.
The jelly closely misses you. x2
You hit the jelly but do no damage.
Your hands burn!
The jelly is lightly wounded.
The jelly hits you.
You are splashed with acid!
You slash the jelly!
Your hands burn!
The jelly is heavily wounded.
The jelly hits you but does no damage.
You hit the jelly.
Your hands burn!
The jelly is almost dead.
You block the jelly's attack. The jelly hits you.
You are splashed with acid!
You die... ### #.# #<# #.# #@# #J# JO.

..... .......
..[......
...........
#............


You could see an ogre, a jelly and an endoplasm.

Vanquished Creatures
  2 orc priests (D:3)
  An adder (D:3)
  A worm (D:2)
  3 dart slugs (D:2)
  6 orcs (D:3)
  2 endoplasms
  3 giant cockroaches
  2 goblins
  2 hobgoblins
  3 quokkas
  5 ball pythons
  3 bats
  3 frilled lizards (D:1)
  7 kobolds
  6 rats
49 creatures vanquished.

Notes
Turn   | Place    | Note
-------+----------+-------------------------------------------
     0 | D:1      | qw the Gargoyle Fighter began the quest for the Orb.
     0 | D:1      | Reached XP level 1. HP: 14/14 MP: 1/1
     0 | D:1      | 0 ||| qw: Version: 0.2-a-102-g2b76a06
     0 | D:1      | 0 ||| qw: Game counter: 489
     0 | D:1      | 0 ||| qw: Always use a shield: true
     0 | D:1      | 0 ||| qw: God list: Okawaru
     0 | D:1      | 0 ||| qw: Allow faded altars: false
     0 | D:1      | 0 ||| qw: Do Orc after D:15 true
     0 | D:1      | 0 ||| qw: Do second Lair branch before Depths: true
     0 | D:1      | 0 ||| qw: Lair rune preference: random
     0 | D:1      | 0 ||| qw: Plans: Normal, Zot:1-4, Slime:5, God:TSO, Crypt,
                  | Tomb, Pan, Hells, Abyss, Win
     0 | D:1      | 0 ||| PLANNING D:1-11
    49 | D:1      | Reached skill level 2 in Axes
   226 | D:1      | 226 ||| Stepping ~*~*~tactically~*~*~ (hiding).
   344 | D:1      | Reached XP level 2. HP: 17/19 MP: 2/2
   534 | D:1      | 534 ||| Stepping ~*~*~tactically~*~*~ (stealth).
  1008 | D:1      | 1008 ||| READING 2 scrolls labelled XUPHAS QOR.
  1012 | D:1      | 1012 ||| READING scroll labelled WIER NYRUROUQ.
  1013 | D:1      | 1013 ||| READING scroll labelled ZOZAEF SORHIG.
  1014 | D:1      | 1014 ||| READING scroll labelled YTUNEF JUNEB.
  1115 | D:1      | 1115 ||| DRINKING 2 glowing blue potions.
  1151 | D:2      | 1151 ||| Stepping ~*~*~tactically~*~*~ (hiding).
  1284 | D:2      | Reached skill level 3 in Axes
  1317 | D:2      | Identified the ring "Vehi" {Fire Int+3}
  1355 | D:2      | Reached XP level 3. HP: 23/23 MP: 3/3
  1706 | D:2      | 1706 ||| Stepping ~*~*~tactically~*~*~ (hiding).
  1709 | D:2      | 1709 ||| Stepping ~*~*~tactically~*~*~ (hiding).
  1711 | D:2      | 1711 ||| Stepping ~*~*~tactically~*~*~ (hiding).
  2103 | D:2      | 2103 ||| UPGRADING to amulet of regeneration.
  2108 | D:2      | 2108 ||| READING scroll labelled GEXZUO AGAEC.
  2109 | D:2      | 2109 ||| READING 2 scrolls labelled AXUONI GIOMME.
  2110 | D:2      | 2110 ||| READING scroll labelled UXOFRUIGOTZ.
  2214 | D:3      | Reached XP level 4. HP: 28/28 MP: 4/4
  2219 | D:3      | 2219 ||| DROPPING +0 whip.
  2245 | D:3      | 2245 ||| Stepping ~*~*~tactically~*~*~ (hiding).
  2246 | D:3      | 2246 ||| Stepping ~*~*~tactically~*~*~ (hiding).
  2247 | D:3      | 2247 ||| Stepping ~*~*~tactically~*~*~ (hiding).
  2378 | D:3      | Reached skill level 4 in Axes
  2381 | D:3      | HP: 2/28 [orc priest/divine providence (14)]
  2382 | D:3      | 2382 ||| READING 6 scrolls of teleportation.
  2420 | D:3      | 2420 ||| DROPPING +0 mace of protection.
  2504 | D:3      | 2504 ||| Stepping ~*~*~tactically~*~*~ (stealth).
  2506 | D:3      | 2506 ||| Stepping ~*~*~tactically~*~*~ (hiding).
  2510 | D:3      | Reached XP level 5. HP: 32/32 MP: 5/5
  2605 | D:3      | 2605 ||| DROPPING +1 leather armour of willpower.
  2606 | D:3      | 2606 ||| UPGRADING to +0 pair of gloves.
  2611 | D:3      | 2611 ||| DROPPING amulet of the acrobat.
  2612 | D:3      | 2612 ||| READING scroll labelled XUKKEO JAUNN.
  2634 | D:4      | Noticed an ogre
  2648 | D:4      | Splashed by a jelly's acid

Levels and vault maps discovered:
D:1:      nicolae_arrival_somewhat_less_tricky_arrival, layout_basic,
          chequers_serial_rivers_room_a, minmay_pentomino_u2
D:2:      layout_basic, serial_aquarium, aquarium_bridge_island_small
          [aquarium_subvault_small_open, aquarium_subvault_bridge,
          aquarium_subvault_wall, aquarium_subvault_window,
          aquarium_subvault_bridge], aquarium_bridge_square
          [aquarium_subvault_bridge, aquarium_subvault_window,
          aquarium_subvault_bridge, aquarium_subvault_wall], aquarium_window_2,
          aquarium_window_corner, aquarium_window_2, aquarium_window_2,
          aquarium_view_2f, aquarium_view_2d, shapermc_ecumenical_altar_petra
D:3:      layout_rooms
D:4:      layout_basic, serial_shops, nicolae_shop_crystal

Skill      XL: |  1  2  3  4 |
---------------+-------------+-----
Axes           | 2 3 4 |  4.7
Fighting       | |  3.2
Armour         | |  3.2
Shields        | |  3.2

Action                     |  1- 3 |  4- 6 || total
---------------------------+-------+-------++-------
  Melee: War axe           |   126 |    34 ||   160
    Use: Scroll            |     7 |     2 ||     9
         Potion            |     1 |       ||     1
 Armour: Scale mail        |    58 |    10 ||    68
  Dodge: Dodged            |    49 |    17 ||    66
  Block: Buckler           |    25 |     7 ||    32

Table legend:
 A = Non-vault XP
 B = Vault XP
 C = Vault XP percentage of total XP
 D = Non-vault monster count
 E = Vault monster count
 F = Vault count percentage of total count
                 A         B        C        D         E       F
            +---------+---------+-------+---------+---------+-------
      Total |     186 |       2 |   1.1 |      48 |       1 |   2.0
            +---------+---------+-------+---------+---------+-------
        D:1 |      23 |       0 |   0.0 |      16 |       0 |   0.0
        D:2 |      36 |       2 |   5.3 |      15 |       1 |   6.2
        D:3 |     125 |       0 |   0.0 |      16 |       0 |   0.0
        D:4 |       2 |       0 |   0.0 |       1 |       0 |   0.0
            +---------+---------+-------+---------+---------+-------
